AoeStats
← tiimAvodah2

MegaRandom

507271643Analyzed
4v4 RM · 16d ago on Sep 17, 2026· 49m 49s· 8 players
Game mode
Random Map
Map size
Large (8 player)
Population
200
Speed
Normal
Resources
Standard
Victory
Conquest
Starting age
Dark Age
Ending age
Imperial Age
RankedLock teamsTeams togetherTeam positionsShared explorationLock speedFull tech treeHidden civsTurbo modeCheats
Victory
Defeat
🇩🇪 Magyars · Germany
1136
+14
🇸🇪 Cumans · Sweden
1095
+15
🇩🇪 Mongols · Germany
1087
+16
🇺🇸 Georgians · United States
1060
+17
🇨🇳 Huns · China
1116
-17
🇨🇳 Italians · China
1101
-16
🇦🇺 Koreans · Australia
1089
-16
🇨🇳 Teutons · China
1015
-13
帅死八个人
12:38 Feudal Age
16:26 Castle Age
16:17 Double-Bit Axe
21:19 Horse Collar
26:03 Pikeman
27:44 Bow Saw
28:02 Heavy Plow
32:23 Imperial Age
31:48 Scale Barding Armor
31:54 Forging
33:19 Cavalier
34:10 Bloodlines
37:41 Chain Barding Armor
41:07 Plate Barding Armor
41:08 Iron Casting
41:15 Gold Mining
41:15 Stone Mining
41:43 Paladin
44:12 Fletching
卢本伟
3:39 Loom
14:11 Feudal Age
18:32 Castle Age
17:28 Double-Bit Axe
17:26 Horse Collar
21:07 Wheelbarrow
20:37 Heavy Plow
36:52 Scale Barding Armor
36:57 Forging
43:07 Imperial Age
40:55 Hand Cart
43:22 Pikeman
44:03 Squires
45:23 Halberdier
48:23 Scale Mail Armor
48:33 Forging
48:54 Man-at-Arms
1361331795
3:37 Loom
11:20 Feudal Age
16:53 Castle Age
16:17 Double-Bit Axe
16:14 Horse Collar
21:58 Bow Saw
27:37 Heavy Plow
28:39 Wheelbarrow
28:29 Fletching
28:42 Padded Archer Armor
29:35 Thumb Ring
30:38 Bodkin Arrow
30:59 Leather Archer Armor
31:14 Gold Mining
34:56 Imperial Age
32:34 Stone Mining
33:48 Hand Cart
36:25 Ballistics
36:59 Conscription
36:46 Elite Genoese Crossbowman
40:46 Husbandry
41:22 Bloodlines
40:35 Light Cavalry
41:32 Forging
41:27 Scale Barding Armor
41:23 Bracer
41:53 Ring Archer Armor
42:06 Stone Shaft Mining
43:03 Chemistry
41:41 Hussar
tiimAvodah2
10:42 Loom
13:48 Feudal Age
17:57 Castle Age
16:34 Double-Bit Axe
19:37 Bow Saw
21:17 Horse Collar
23:46 Crossbowman
25:36 Town Watch
27:01 Fletching
31:55 Bodkin Arrow
32:35 Ballistics
36:36 Wheelbarrow
40:35 Heavy Plow
50:17 Imperial Age
Sarah0nFire
11:20 Loom
11:27 Loom
14:01 Feudal Age
15:06 Double-Bit Axe
19:42 Castle Age
17:39 Gold Mining
17:37 Horse Collar
19:06 Stone Mining
19:32 Scale Barding Armor
21:29 Bow Saw
26:17 Wheelbarrow
28:54 Chain Barding Armor
30:12 Husbandry
30:18 Corvinian Army
30:41 Bloodlines
31:46 Heavy Plow
40:46 Imperial Age
40:03 Scale Mail Armor
39:53 Light Cavalry
40:50 Pikeman
41:48 Chain Mail Armor
43:52 Plate Barding Armor
46:19 Hand Cart
Sir Dman II.
3:09 Loom
12:40 Feudal Age
16:09 Castle Age
14:04 Double-Bit Axe
14:00 Horse Collar
17:24 Bow Saw
17:37 Heavy Plow
20:28 Fletching
22:22 Gold Mining
22:22 Stone Mining
24:19 Bodkin Arrow
25:37 Padded Archer Armor
26:54 Wheelbarrow
27:44 Husbandry
30:53 Imperial Age
29:15 Thumb Ring
31:16 Ballistics
31:50 Bracer
32:51 Chemistry
32:29 Gold Shaft Mining
32:19 Elite Mangudai
33:22 Leather Archer Armor
33:28 Bloodlines
35:47 Conscription
35:55 Capped Ram
37:11 Hand Cart
36:46 Onager
37:10 Siege Ram
39:51 Siege Onager
40:57 Drill
42:24 Coinage
mark_aoe_2024
6:33 Loom
12:46 Feudal Age
14:19 Double-Bit Axe
19:19 Castle Age
18:36 Bloodlines
19:24 Scale Barding Armor
20:19 Horse Collar
20:57 Husbandry
21:29 Bow Saw
22:09 Chain Barding Armor
26:29 Wheelbarrow
30:56 Hand Cart
31:59 Forging
32:53 Gold Mining
33:00 Stone Mining
33:51 Iron Casting
33:38 Svan Towers
36:39 Imperial Age
36:03 Fletching
36:43 Ballistics
36:34 Masonry
36:48 Murder Holes
37:19 Bodkin Arrow
38:32 Chemistry
38:45 Architecture
39:01 Guard Tower
39:32 Bracer
40:29 Keep
40:41 Keep
41:22 Elite Monaspa
42:23 Conscription
42:39 Heavy Plow
44:46 Hoardings
46:44 Stone Shaft Mining
48:37 Plate Barding Armor
49:03 Blast Furnace
Goatbutt
7:40 Loom
11:32 Feudal Age
13:08 Double-Bit Axe
13:32 Horse Collar
23:16 Castle Age
23:58 Bloodlines
26:02 Bow Saw
31:56 Scale Barding Armor
32:01 Forging
32:26 Capped Ram
35:06 Forging
Connection lost

Rejoining the realm…

Still unreachable

The connection could not be restored.

Session expired

The server has moved on; the page needs a fresh start.